 Dungeon Crawl Stone Soup version 0.28-a0-863-g8cecda6153 (webtiles) character file.

Game seed: 2271875247792815730

655 cheechan the Sneak (level 7, 0/47 HPs)
             Began as an Octopode Gladiator on Nov 19, 2021.
             Slain by a bullfrog zombie (4 damage)
             ... on level 5 of the Dungeon.
             The game lasted 00:18:08 (5434 turns).

cheechan the Sneak (Octopode Gladiator)             Turns: 5434, Time: 00:18:09

Health: 0/47       AC:  2    Str: 11    XL:     7   Next: 54%
Magic:  7/7        EV: 14    Int: 10    God:
Gold:   239        SH:  0    Dex: 14    Spells: 6/6 levels left

rFire   . . .      SeeInvis .   v - +3 hand axe
rCold   + . .      Faith    .   (no shield)
rNeg    . . .      Spirit   .   b - +1 hat
rPois   .          Reflect  .   (no amulet)
rElec   .          Harm     .   g - ring of ice
rCorr   .          Rampage  .   (no ring)
Will    .....                   (no ring)
Stlth   ++++......              (no ring)
HPRegen 0.15/turn               (no ring)
MPRegen 0.10/turn               (no ring)
                                (no ring)
                                (no ring)

@: no status effects
A: almost no armour, amphibious, 8 rings, camouflage 1, gelatinous body 1,
(nimble swimmer 1), tentacles, fire resistance 1, weak 2
a: no special abilities


You were on level 5 of the Dungeon.
You visited 1 branch of the dungeon, and saw 5 of its levels.
You also visited: Sewer.

You collected 239 gold pieces.

Inventory:

Hand Weapons
 a - a +0 rapier
 i - a +0 hunting sling
 k - a +2 flail of draining
 r - a +0 hand crossbow
 v - a +3 hand axe (weapon)
Missiles
 c - 3 throwing nets
 d - 81 arrows
 l - 3 boomerangs (quivered)
 p - a curare-tipped dart
 q - 9 poisoned darts
 u - 2 javelins
Armour
 b - a +1 hat (worn)
Jewellery
 g - a ring of ice (left tentacle)
Wands
 f - a wand of polymorph (2)
Scrolls
 e - 2 scrolls of noise
 x - a scroll of teleportation
 y - 2 scrolls of silence
 z - a scroll of amnesia
Potions
 h - a potion of flight
 j - 2 potions of might
 m - 2 potions of cancellation
 n - a potion of lignification
 o - a potion of resistance
 w - a potion of heal wounds {unknown}


   Skills:
 + Level 3.6 Fighting
 + Level 5.3 Short Blades
 + Level 2.3 Crossbows
 + Level 2.1 Throwing
 + Level 4.3 Dodging
 + Level 5.3 Stealth


You had 6 spell levels left.
You didn't know any spells.
Your spell library contained the following spells:

 Spells                   Type           Power      Damage    Failure   Level
 Animate Dead             Necr           0%         N/A       98%         4
 Haunt                    Necr/Summ      0%         N/A       100%        7
 Infestation              Necr           0%         N/A       100%        8


Dungeon Overview and Level Annotations

Branches:
Dungeon (5/15)              Sewer (visited)
 Temple: D:4-7

Altars:

Shops:
D:4 :


Innate Abilities, Weirdness & Mutations

You cannot wear most types of armour.
You are amphibious.
You can wear up to eight rings at the same time.
Your skin changes colour to match your surroundings (Stealth+).
Your rubbery body absorbs attacks. (AC +1, EV +1)
((You are camouflaged near water. (Stealth+)))
You have tentacles for arms and can constrict up to eight enemies at once.
Your flesh is heat resistant. (rF+)
You are very weak. (Str -4)


Message History

You closely miss the centaur. Your squeeze misses the centaur.
The centaur is lightly wounded.
You hit the bullfrog zombie.
You feel sick. The bullfrog zombie barely misses you. The centaur hits you.
The centaur kicks you but does no damage.
The bullfrog zombie misses you. The centaur closely misses you.
The centaur kicks you.
You barely miss the centaur.
The centaur is lightly wounded.
You hit the bullfrog zombie.
You feel sick.
You are no longer poisoned.
The centaur barely misses you. The centaur kicks you.
The bullfrog zombie hits you. The centaur barely misses you.
The centaur kicks you.
* * * LOW HITPOINT WARNING * * *
The bullfrog zombie hits you but does no damage.
You feel better. The centaur closely misses you. The centaur kicks you.
The bullfrog zombie barely misses you.
You closely miss the centaur. You squeeze the centaur.
The centaur is heavily wounded.
You closely miss the bullfrog zombie. The centaur barely misses you.
The centaur kicks you. The bullfrog zombie barely misses you.
The centaur hits you. The centaur kicks you.
The bullfrog zombie barely misses you.
You hit the centaur.
The centaur is heavily wounded.
You hit the bullfrog zombie. The centaur hits you.
* * * LOW HITPOINT WARNING * * *
The centaur kicks you.
* * * LOW HITPOINT WARNING * * *
The centaur hits you.
* * * LOW HITPOINT WARNING * * *
The centaur barely misses you. The bullfrog zombie barely misses you.
You barely miss the centaur.
The centaur is heavily wounded.
You hit the bullfrog zombie. The centaur completely misses you.
The centaur kicks you.
* * * LOW HITPOINT WARNING * * *
The bullfrog zombie hits you.
You die...

#..###...#####.
..# #..[...###
#. ...#
#....### ##
....# #..### #
.....# ##.##
......###.##
...(...#..#
.........##
..(...Z@(#
......c.##
........#
.........
.........
......###.
....## # ...#


You could see a centaur and a bullfrog zombie.

Vanquished Creatures
  3 kobold brigands (Sewer)
  A hound (D:5)
  A jelly (D:2)
  2 iguanas (D:4)
  Natasha (thrice) (D:2)
  Robin (D:2)
  8 adders
  A howler monkey skeleton (D:4)
  2 river rats (Sewer)
  A white imp (D:4)
  An adder skeleton (D:5)
  4 worms (Sewer)
  3 dart slugs (D:1)
  9 orcs
  6 ball pythons
  15 endoplasms
  6 giant cockroaches
  19 goblins
  7 hobgoblins
  2 quokkas
  6 bats
  3 frilled lizards
  7 kobolds
  11 rats
122 creatures vanquished.

Notes
Turn   | Place    | Note
-------+----------+-------------------------------------------
     0 | D:1      | cheechan the Octopode Gladiator began the quest for the
                  | Orb.
     0 | D:1      | Reached XP level 1. HP: 14/14 MP: 1/1
   146 | D:1      | Reached XP level 2. HP: 14/19 MP: 2/2
   620 | D:1      | Reached XP level 3. HP: 21/25 MP: 3/3
   903 | D:2      | Reached skill level 1 in Stealth
  1296 | D:2      | Noticed Natasha
  1297 | D:2      | Noticed Robin
  1303 | D:2      | Reached XP level 4. HP: 9/30 MP: 4/4
  1321 | D:2      | Killed Natasha
  1330 | D:2      | Killed Robin
  1605 | D:2      | Found a faded altar of an unknown god.
  1694 | D:2      | Reached XP level 5. HP: 32/35 MP: 5/5
  2073 | D:2      | Noticed Natasha
  2083 | D:2      | Killed Natasha
  2429 | D:2      | Noticed Natasha
  2456 | D:2      | Killed Natasha
  2854 | D:3      | Reached XP level 6. HP: 41/41 MP: 6/6
  2897 | D:3      | Found a glowing drain.
  2915 | Sewer    | Entered a sewer
  3432 | Sewer    | Reached skill level 5 in Short Blades
  3525 | Sewer    | Reached skill level 5 in Stealth
  3525 | Sewer    | Reached XP level 7. HP: 10/46 MP: 7/7
  4477 | D:4      | Found Ybinaol's Book Boutique.
  4557 | D:4      | Reached skill level 1 in Crossbows
  4763 | D:4      | Gained mutation: You are weak. (Str -2) [potion of
                  | mutation]
  4763 | D:4      | Gained mutation: You are very weak. (Str -4) [potion of
                  | mutation]
  4763 | D:4      | Gained mutation: Your flesh is heat resistant. (rF+)
                  | [potion of mutation]
  5096 | D:5      | Entered Level 5 of the Dungeon
  5434 | D:5      | Slain by a bullfrog zombie

Illustrated notes

Levels and vault maps discovered:
D:1:      lightli_arrival_noodles, layout_basic, hangedman_abyss_or_decor_stabs,
          minmay_pentomino_z4
D:2:      kennysheep_six_static_rooms, layout_rooms,
          hellmonk_ecumenical_altar_inner_sanctum, uniq_natasha, uniq_robin
D:3:      layout_basic, portal_sewer_entry_a
D:4:      layout_rooms, serial_shops, nicolae_stop_n_shop_2
D:5:      layout_cave_pods, chequers_serial_rivers_large_b, uniq_edmund

Skill      XL: |  1  2  3  4  5  6  7 |
---------------+----------------------+-----
Stealth        | 1 2 5 |  5.3
Short Blades   | 4 5 |  5.3
Dodging        | 4 |  4.3
Fighting       | 3 |  3.6
Crossbows      | 2 |  2.3
Throwing       | |  2.1

Action                   |  1- 3 |  4- 6 |  7- 9 || total
-------------------------+-------+-------+-------++-------
Melee: Rapier            |    65 |   116 |     7 ||   188
       Constrict         |    19 |    33 |     6 ||    58
       Tentacles         |    13 |    18 |     6 ||    37
       Hand axe          |       |       |     8 ||     8
       Hand crossbow     |       |       |     7 ||     7
 Fire: Hand crossbow     |       |       |    82 ||    82
Throw: Boomerang         |       |     1 |       ||     1
  Use: Scroll            |     3 |     3 |     6 ||    12
       Potion            |       |     5 |     2 ||     7
 Stab: Sleeping          |     3 |    13 |       ||    16
Armor: Skin              |    12 |    10 |    10 ||    32
Dodge: Dodged            |    40 |    74 |    61 ||   175

Table legend: (Time is in decaauts)
 A = Elapsed time spent in this place.
 B = Non-inter-level travel time spent in this place.
 C = Inter-level travel time spent in this place.
 D = Time resting spent in this place.
 E = Time spent auto-exploring this place.
 F = Levels seen in this place.
 G = Mean time per level.
                   A        B        C        D        E       F      G
               +--------+--------+--------+--------+--------+-----+--------+
         Total |   5476 |   5476 |      0 |    765 |      0 |   6 |  912.7 |
       Dungeon |   4345 |   4345 |      0 |    441 |      0 |   5 |  869.0 |
         Sewer |   1131 |   1131 |      0 |    324 |      0 |   1 | 1131.0 |
               +--------+--------+--------+--------+--------+-----+--------+

Top non-repeatable levels by time:
     D:2: 1620 daAuts
   Sewer: 1131 daAuts
     D:1: 876 daAuts
     D:3: 863 daAuts
     D:4: 637 daAuts
     D:5: 348 daAuts
